 Dungeon Sprint DCSS version 0.20.1-1-g8b1a95d (webtiles) character file.

155 potatolord6000 the Skirmisher (level 5, -7/52 HPs)
             Began as a Hill Orc Fighter on Sept 7, 2017.
             Was a Believer of Beogh.
             Mangled by an orc warrior
             ... wielding a +0 mace
              (17 damage)
             ... in the Dungeon (Sprint VII: "The Pits").
             The game lasted 00:00:56 (168 turns).

potatolord6000 the Skirmisher (Hill Orc Fighter)     Turns: 168, Time: 00:00:56

Health: -7/52      AC:  7    Str: 20    XL:     5   Next: 37%
Magic:  8/9        EV:  9    Int:  8    God:    Beogh [**....]
Gold:   0          SH:  0    Dex: 10    Spells: 4/4 levels left

rFire    . . .     SeeInvis .   a - +0 war axe
rCold    . . .     Gourm    .   (no shield)
rNeg     . . .     Faith    .   b - +0 scale mail
rPois    .         Spirit   .   (no helmet)
rElec    .         Reflect  .   (no cloak)
rCorr    .         Harm     .   (no gloves)
MR       .....     NoTele   +   (no boots)
Stlth    ..........             (no amulet)
Regen    0.2/turn               (no ring)
MPRegen  0.2/turn               (no ring)

@: no status effects
A: no striking features
a: Smiting, Renounce Religion


You were in the Dungeon.
You worshipped Beogh.
Beogh was pleased with you.
You were not hungry.

You visited 1 branch

Inventory:

Hand Weapons
 a - a +0 war axe (weapon)
Armour
 b - a +0 scale mail (worn)
Scrolls
 k - a scroll of blinking
 l - 3 scrolls of remove curse
 m - 5 scrolls of amnesia
 n - a scroll of summoning
Potions
 c - 2 potions of invisibility
 d - a potion of might
 e - a potion of curing
 g - a potion of heal wounds
 h - a potion of haste
 i - 4 potions of magic
 j - 3 potions of berserk rage
Comestibles
 f - 8 bread rations
 o - 40 fruits
 p - 7 meat rations


   Skills:
 + Level 7.4 Fighting
 + Level 7.4 Axes
 + Level 6.7 Armour
   Level 3.2 Shields
 + Level 5.8 Invocations


You had 4 spell levels left.
You didn't know any spells.

Dungeon Overview and Level Annotations

Branches:
Dungeon (1/1)

Altars:
Ashenzari
Cheibriados
Dithmenos
Elyvilon
Fedhas
Gozag
Hepliaklqana
Kikubaaqudgha
Makhleb
Nemelex Xobeh
Okawaru
Qazlal
Ru
Sif Muna
Trog
Uskayaw
Vehumet
Xom
Yredelemnul
Zin
The Shining One
Beogh
Jiyva
Lugonu


Message History

You slash the orc!
You kill the orc!
Beogh accepts your kill.
You hit the orc warrior. The orc warrior hits you with a mace!
* * * LOW HITPOINT WARNING * * *
Unknown command.
You barely miss the orc.
You hit the orc priest but do no damage.
You closely miss the orc warrior.
The orc warrior hits you but does no damage.
The orc priest hits you but does no damage.
The orc hits you but does no damage.
You closely miss the orc warrior.
The orc warrior is heavily wounded.
You barely miss the orc priest. You slash the orc!
You kill the orc!
Beogh accepts your kill. The orc warrior hits you with a mace!
You die...
Beogh appreciates the orc warrior's killing of a heretic priest.

##########.##........
#..........)'........
#+#####'#####......#.
#..#).# #........
#..'..# ####'####
#..#### #.......#
#..# #.......# #..#
#.......# ##@#
#...<...#
#oo).....##.......#
#........##.......#
###########.......#
#########


You could see an orc warrior and an orc priest.

Vanquished Creatures
  A floating eye (D)
  An orc wizard (D)
  An adder (D)
  2 orcs (D)
  3 goblins (D)
  A hobgoblin (D)
  A quokka (D)
  A frilled lizard (D)
11 creatures vanquished.

Notes
Turn   | Place    | Note
-------+----------+-------------------------------------------
     0 | D        | potatolord6000 the Hill Orc Fighter began the quest for the Orb.
     0 | D        | Reached XP level 1. HP: 19/19 MP: 1/1
    47 | D        | Found a bloodstained altar of Trog.
    47 | D        | Found a deep blue altar of Sif Muna.
    47 | D        | Found a viscous altar of Jiyva.
    47 | D        | Found a hazy altar of Hepliaklqana.
    47 | D        | Found an opulent altar of Gozag.
    48 | D        | Found a glowing golden altar of the Shining One.
    48 | D        | Found a glowing silver altar of Zin.
    48 | D        | Found a basalt altar of Yredelemnul.
    48 | D        | Found a shimmering altar of Xom.
    48 | D        | Found a sacrificial altar of Ru.
    48 | D        | Found a stormy altar of Qazlal.
    48 | D        | Found an iron altar of Okawaru.
    48 | D        | Found a sparkling altar of Nemelex Xobeh.
    48 | D        | Found a burning altar of Makhleb.
    48 | D        | Found a blossoming altar of Fedhas.
    48 | D        | Found a white marble altar of Elyvilon.
    48 | D        | Found a shadowy altar of Dithmenos.
    48 | D        | Found a snail-covered altar of Cheibriados.
    50 | D        | Found a radiant altar of Vehumet.
    50 | D        | Found a corrupted altar of Lugonu.
    50 | D        | Found a roughly hewn altar of Beogh.
    51 | D        | Found a hide-covered altar of Uskayaw.
    51 | D        | Found an ancient bone altar of Kikubaaqudgha.
    51 | D        | Found a shattered altar of Ashenzari.
    60 | D        | Became a worshipper of Beogh the Brigand
    93 | D        | Reached XP level 2. HP: 28/28 MP: 2/2
    97 | D        | Noticed a floating eye
    99 | D        | Paralysed by a floating eye for 3 turns
   103 | D        | Killed a floating eye
   103 | D        | Reached * piety under Beogh
   103 | D        | Reached skill level 5 in Invocations
   103 | D        | Reached XP level 3. HP: 39/39 MP: 2/6
   103 | D        | Reached XP level 4. HP: 47/47 MP: 2/7
   103 | D        | Reached XP level 5. HP: 52/52 MP: 2/8
   161 | D        | Noticed an orc warrior
   164 | D        | Reached ** piety under Beogh
   168 | D        | Mangled by an orc warrior

Skill      XL: |  1  2  3  4  5 |
---------------+----------------+-----
Fighting       | 4 7 |  7.4
Axes           | 4 6 7 |  7.4
Armour         | 4 6 |  6.7
Invocations    | 5 |  5.8
Shields        | |  3.2

Action                   |  1- 3 |  4- 6 || total
-------------------------+-------+-------++-------
Melee: War axe           |    19 |    14 ||    33
Armor: Scale mail        |    13 |     6 ||    19
Dodge: Dodged            |    13 |     1 ||    14
